 Dungeon Crawl Stone Soup version 0.28.0-43-g3370ac3207 (webtiles) character file.

Game seed: 4278340520036706934

45 mortz the Gusty (level 3, -1/19 HPs)
             Began as a Tengu Air Elementalist on Mar 28, 2022.
             Slain by Crazy Yiuf
             ... wielding a +2 quarterstaff of chaos
              (5 damage)
             ... on level 2 of the Dungeon.
             The game lasted 00:07:59 (1988 turns).

mortz the Gusty (Tengu Air Elementalist)            Turns: 1988, Time: 00:08:00

Health: -1/19      AC:  2    Str: 14    XL:     3   Next: 64%
Magic:  3/7        EV: 13    Int: 17    God:
Gold:   69         SH:  0    Dex: 19    Spells: 4/7 levels left

rFire   . . .      SeeInvis .   f - +0 short sword {short}
rCold   . . .      Faith    .   (no shield)
rNeg    . . .      Spirit   .   a - +0 robe
rPois   .          Reflect  .   (helmet restricted)
rElec   .          Harm     .   (no cloak)
rCorr   +          Rampage  .   (no gloves)
Will    .....                   (boots unavailable)
Stlth   ++........              (no amulet)
HPRegen 0.06/turn               j - ring "Locvas" {*Slow rCorr Str+6 Dex+5}
MPRegen 0.10/turn               (no ring)

@: no status effects
A: beak, talons 3
a: no special abilities


You were on level 2 of the Dungeon.
You visited 1 branch of the dungeon, and saw 2 of its levels.

You collected 69 gold pieces.


Innate Abilities, Weirdness & Mutations

You have a beak for a mouth.
You have claws for feet.


   Skills:
 + Level 2.5 Dodging
 + Level 2.1 Stealth
 + Level 2.5 Spellcasting
 + Level 1.8 Conjurations
 + Level 4.9 Air Magic


You had 4 spell levels left.
You knew the following spells:

 Your Spells              Type           Power      Damage    Failure   Level
a - Shock                 Conj/Air       52%        1d6       4%          1
b - Static Discharge      Conj/Air       13%        N/A       7%          2

Your spell library contained the following spells:

 Spells                   Type           Power      Damage    Failure   Level
 Swiftness                Air            19%        N/A       7%          3
 Airstrike                Air            9%         N/A       24%         4

Inventory:

Hand Weapons
 c - a +0 hunting sling {sling}
   (You found it on level 1 of the Dungeon)
 e - a +0 dagger {short}
   (You took it off a goblin on level 1 of the Dungeon)
 f - a +0 short sword (weapon) {short}
   (You found it on level 1 of the Dungeon)
 l - a +2 whip of venom {mace}
   (You found it on level 2 of the Dungeon)
Missiles
 b - 53 arrows
 g - 43 stones {throwing}
Armour
 a - a +0 robe (worn)
Jewellery
 j - the ring "Locvas" (left hand) {*Slow rCorr Str+6 Dex+5}
   (You found it on level 2 of the Dungeon)

   [ring of resist corrosion]

   Str:       It affects your strength (+6).
   Dex:       It affects your dexterity (+5).
   rCorr:     It protects you from acid and corrosion.
   *Slow:     It may slow you when you take damage.
Potions
 d - a potion of degeneration {unknown}
 h - a potion of curing {unknown}
 i - a potion of might {unknown}
 k - 2 potions of cancellation {unknown}

Dungeon Overview and Level Annotations

Branches:
Dungeon (2/15)

Altars:
Vehumet

Annotations:
D:2 Crazy Yiuf

#..##### ##..##
##.## #....#
##..# ♣....♣
#..## ♣...♣♣
##.## ♣♣)♣♣
#..# ♣.♣♣ ..##
♣♣)♣ .## ####
♣)♣♣ ## ##..#
♣♣@♣
########..##
#g# #........##
).. ..########
#...# ### #).)#
######## ###
#####
...>...###.#
######.##..####
#.....#†..#


You could see Crazy Yiuf.


Message History

😕 HP[-1] MP[-1]
You take 1 damage, and now have 18/19 hp.
You lost 1 mp, and now have 3/7 mp.
Casting: Shock (safe; 4% risk of failure)
Confirm with . or Enter, or press ? or * to list all spells.
The bat is struck by an arc of lightning.
You kill the bat!
You are struck by an arc of lightning.
The lightning grounds out. 😕 HP[-2] MP[-2]
You take 2 damage, and now have 16/19 hp.
You lost 2 mp, and now have 1/7 mp.
A bat comes into view. 😎 HP[+3] MP[+6]
Your hp is fully restored (19).
Your mp is fully restored (7).
Aiming: Shock (safe; 4% risk of failure)
Press: ? - help, Q - select action, (/) - cycle Shift-Dir - straight line The zap hits the bat.
You kill the bat! 😎 MP[-1]
You lost 1 mp, and now have 6/7 mp.
A jackal comes into view. 😎 MP[+1]
Your mp is fully restored (7).
Aiming: Shock (safe; 4% risk of failure)
Press: ? - help, Q - select action, (/) - cycle Shift-Dir - straight line The zap hits the jackal.
You kill the jackal! 😎 MP[-1]
You lost 1 mp, and now have 6/7 mp.
b - 53 arrows (gained 18) 2 jackals come into view. 😎 MP[+1]
Your mp is fully restored (7).
Aiming: Shock (safe; 4% risk of failure)
Press: ? - help, Q - select action, (/) - cycle Shift-Dir - straight line The zap hits the jackal.
The jackal barks!
The zap misses the jackal. 😎 MP[-1]
You lost 1 mp, and now have 6/7 mp.
Aiming: Shock (safe; 4% risk of failure)
Press: ? - help, Q - select action, (/) - cycle Shift-Dir - straight line The zap hits the jackal.
You kill the jackal! 😎 MP[-1]
You lost 1 mp, and now have 5/7 mp.
Aiming: Shock (safe; 4% risk of failure)
Press: ? - help, Q - select action, (/) - cycle Shift-Dir - straight line, f - jackal
Aim: a jackal (60% to hit)
The zap misses the jackal. 😎 MP[-1]
You lost 1 mp, and now have 4/7 mp.
Aiming: Shock (safe; 4% risk of failure)
Press: ? - help, Q - select action, (/) - cycle Shift-Dir - straight line, f/p - jackal
Aim: a jackal (60% to hit)
The zap hits the jackal. 😎 MP[-1]
You lost 1 mp, and now have 3/7 mp.
Casting: Shock (safe; 4% risk of failure)
Confirm with . or Enter, or press ? or * to list all spells.
The jackal is struck by an arc of lightning!
You kill the jackal!
You are struck by an arc of lightning.
The lightning grounds out. 😎 MP[-2]
You lost 2 mp, and now have 1/7 mp.
You see here a jackal corpse.
g - 43 stones {throwing} (gained 24)
You see here a jackal corpse.
Found a stone staircase leading down. 😎 MP[+6]
Your mp is fully restored (7).
There is a stone staircase leading down here.
You see here a +0 club {mace}.
You see here a +0 mace {mace}.
You see here a +0 mace {mace}.
You see here a +0 mace {mace}.
Could not explore, unopened runed door.
Crazy Yiuf yells, "Tonal!
Hah light childish."
You see here a +0 mace {mace}.
Crazy Yiuf grits, "Mugger snockshim aubergine!"
You open the door.
Casting: Static Discharge (safe; 7% risk of failure)
Confirm with . or Enter, or press ? or * to list all spells.
Crazy Yiuf is struck by an arc of lightning!
The lightning grounds out.
Crazy Yiuf hits you with a +2 quarterstaff of chaos!
Ouch! That really hurt!
* * * LOW HITPOINT WARNING * * *
😨 HP[-14] MP[-2]
You take 14 damage, and now have 5/19 hp.
MASSIVE DAMAGE!! (PAUSE)
You lost 2 mp, and now have 5/7 mp.
Casting: Static Discharge (safe; 7% risk of failure)
Confirm with . or Enter, or press ? or * to list all spells.
Crazy Yiuf is struck by an arc of lightning.
You are struck by an arc of lightning.
* * * LOW HITPOINT WARNING * * *
The lightning grounds out.
Crazy Yiuf hits you with a +2 quarterstaff of chaos.
You die...

Action                   || total
-------------------------++-------
 Cast: Shock             ||    52
       Static Discharge  ||     9
Armor: Robe              ||     1
Dodge: Dodged            ||     2

Levels and vault maps discovered:
D:1:      amcnicky_arrival_underground_garden, layout_basic,
          shapermc_ecumenical_altar_petra
D:2:      layout_rooms, basic_altar, uniq_crazy_yiuf_cottage

Notes
Turn   | Place    | Note
-------+----------+-------------------------------------------
     0 | D:1      | mortz the Tengu Air Elementalist began the quest for the
                  | Orb.
     0 | D:1      | Reached XP level 1. HP: 10/10 MP: 4/4
     0 | D:1      | magus.rc [v1.9.6]
   226 | D:1      | Reached XP level 2. HP: 15/15 MP: 1/6
   229 | D:1      | Learned a level 2 spell: Static Discharge
   744 | D:1      | Found a faded altar of an unknown god.
  1206 | D:2      | Reached XP level 3. HP: 17/19 MP: 4/7
  1480 | D:2      | Found a radiant altar of Vehumet.
  1487 | D:2      | Identified the ring "Locvas" {*Slow rCorr Str+6 Dex+5}
  1980 | D:2      | Found a runed translucent door.
  1981 | D:2      | Noticed Crazy Yiuf
  1988 | D:2      | HP: 4/19 [/static electricity (1)]
  1988 | D:2      | Slain by Crazy Yiuf

Vanquished Creatures
  An adder (D:2)
  A dart slug (D:1)
  3 ball pythons
  3 endoplasms
  A giant cockroach (D:1)
  4 goblins (D:1)
  4 hobgoblins
  3 jackals (D:2)
  2 kobolds
  A quokka (D:1)
  6 bats
29 creatures vanquished.

Table legend:
 A = Non-vault XP
 B = Vault XP
 C = Vault XP percentage of total XP
 D = Non-vault monster count
 E = Vault monster count
 F = Vault count percentage of total count
                 A         B        C        D         E       F
            +---------+---------+-------+---------+---------+-------
      Total |      65 |       0 |   0.0 |      29 |       0 |   0.0
            +---------+---------+-------+---------+---------+-------
        D:1 |      31 |       0 |   0.0 |      15 |       0 |   0.0
        D:2 |      34 |       0 |   0.0 |      14 |       0 |   0.0
            +---------+---------+-------+---------+---------+-------

Illustrated notes

Table legend:
 A = Kills in this place as a percentage of kills in entire the game.
 B = Kills by you in this place as a percentage of kills by you in the entire game.
 C = Kills by friends in this place as a percentage of kills by friends in the entire game.
 D = Other kills in this place as a percentage of other kills in the entire game.
 E = Experience gained in this place as a percentage of experience gained in the entire game.
 F = Experience gained in this place divided by the number of levels of this place that you have seen.
                   A       B       C       D       E      F
               +-------+-------+-------+-------+-------+----------------------
         Total | 100.0 | 100.0 |   N/A |   N/A | 100.0 |  32.5
       Dungeon | 100.0 | 100.0 |   N/A |   N/A | 100.0 |  32.5
               +-------+-------+-------+-------+-------+----------------------

Table legend: (Time is in decaauts)
 A = Elapsed time spent in this place.
 B = Non-inter-level travel time spent in this place.
 C = Inter-level travel time spent in this place.
 D = Time resting spent in this place.
 E = Time spent auto-exploring this place.
 F = Levels seen in this place.
 G = Mean time per level.
                   A        B        C        D        E       F      G
               +--------+--------+--------+--------+--------+-----+--------+
         Total |   1986 |   1919 |     67 |    428 |   1316 |   2 |  993.0 |
       Dungeon |   1986 |   1919 |     67 |    428 |   1316 |   2 |  993.0 |
               +--------+--------+--------+--------+--------+-----+--------+

Top non-repeatable levels by time:
     D:1: 1142 daAuts
     D:2: 844 daAuts
